 Dungeon Crawl Stone Soup version 0.27-a0-148-g9515ab555c (webtiles) character file.

Game seed: 10917996243367546139

29 knot the Chopper (level 3, 29/29 HPs)
             Began as a Demonspawn Berserker on Jan 27, 2021.
             Was a Follower of Trog.
             Quit the game on level 2 of the Dungeon.
             The game lasted 00:01:05 (1518 turns).

knot the Chopper (Demonspawn Berserker)             Turns: 1518, Time: 00:01:06

Health: 29/29      AC:  5    Str: 17    XL:     3   Next: 1%
Magic:  3/3        EV: 11    Int:  9    God:    Trog [*.....]
Gold:   53         SH:  0    Dex: 14    Spells: 2/2 levels left

rFire    . . .     SeeInvis .   p - +0 war axe
rCold    . . .     Faith    .   (no shield)
rNeg     . . .     Spirit   .   q - +0 ring mail
rPois    .         Reflect  .   (helmet restricted)
rElec    .         Harm     .   (no cloak)
rCorr    .         Rampage  .   (no gloves)
Will     .....                  (no boots)
Stlth    ++........             (no amulet)
HPRegen  0.09/turn              (no ring)
MPRegen  0.08/turn              (no ring)

@: no status effects
A: antennae 1, thin skeletal structure 1
a: Renounce Religion, Berserk


You were on level 2 of the Dungeon.
You worshipped Trog.
Trog was aware of your devotion.
You visited 1 branch of the dungeon, and saw 2 of its levels.

You collected 53 gold pieces.

Inventory:

Hand Weapons
 p - a +0 war axe (weapon)
Missiles
 c - 34 stones
 j - 6 poisoned darts
Armour
 q - a +0 ring mail (worn)
Scrolls
 f - a scroll of remove curse {unknown}
 g - a scroll of magic mapping {unknown}
 k - 2 scrolls of identify {unknown}
 m - a scroll of enchant armour {unknown}
 n - a scroll of teleportation {unknown}
Potions
 d - a potion of magic {unknown}
 e - 2 potions of heal wounds {unknown}
 h - a potion of brilliance {unknown}
 i - a potion of might {unknown}
 l - a potion of cancellation {unknown}
 o - a potion of degeneration {unknown}


   Skills:
 - Level 3.0 Fighting
 + Level 3.8 Axes
 - Level 1.7 Armour
 - Level 1.7 Dodging


You had 2 spell levels left.
You didn't know any spells.
Your spell library was empty.

Dungeon Overview and Level Annotations

Branches:
Dungeon (2/15)

Altars:


Innate Abilities, Weirdness & Mutations

You have a pair of small antennae on your head.
You have a somewhat thin skeletal structure. (Dex +2, Stealth)


Message History

A hobgoblin is nearby!
The hobgoblin hits you but does no damage.
You closely miss the hobgoblin.
The hobgoblin hits you but does no damage.
You completely miss the hobgoblin.
The hobgoblin hits you but does no damage.
You closely miss the hobgoblin. The hobgoblin closely misses you.
The hobgoblin barely misses you.
You hit the hobgoblin.
The hobgoblin is almost dead.
The hobgoblin closely misses you.
You slash the hobgoblin!
You kill the hobgoblin!
Trog accepts your kill.
You have reached level 3!
Your experience leads to an increase in your attributes!
Increase (S)trength, (I)ntelligence, or (D)exterity?
You feel clever.
Your demonic ancestry asserts itself...
Your bones become slightly less dense.
Are you sure you want to abandon this character and quit the game? (Confirm with "yes".)

# #############.#
#...........#.###..
#.####.####........
#.#...<....@†.#
#.#.##.####.###
#.#.##.#..#.#
#.#.##.#..#.##
#.#....#.....####
#.#....#.........
#.#....#.#...####
####.#........>.....
#..#.#....#....#####


There were no monsters in sight!

Vanquished Creatures
  A gnoll (D:1)
  An orc (D:2)
  5 bats (D:1)
  A giant cockroach (D:1)
  A goblin (D:1)
  3 hobgoblins
  3 kobolds (D:1)
  A rat (D:1)
16 creatures vanquished.

Notes
Turn   | Place    | Note
-------+----------+-------------------------------------------
     0 | D:1      | knot the Demonspawn Berserker began the quest for the Orb.
     0 | D:1      | Reached XP level 1. HP: 18/18 MP: 1/1
   325 | D:1      | Gained mutation: You have a pair of small antennae on your
                  | head. [demonic ancestry]
   325 | D:1      | Reached XP level 2. HP: 24/24 MP: 2/2
  1518 | D:2      | Gained mutation: You have a somewhat thin skeletal
                  | structure. (Dex +2, Stealth) [demonic ancestry]
  1518 | D:2      | Reached XP level 3. HP: 29/29 MP: 3/3
  1518 | D:2      | Quit the game

Illustrated notes

Levels and vault maps discovered:
D:1:      wander_arrival_estate, layout_basic, patterned_corridor
D:2:      layout_basic, overflow_temple_1_default

Skill      XL: |  1 |
---------------+----+-----
Axes           | 3 |  3.8
Fighting       | |  3.0
Armour         | |  1.7
Dodging        | |  1.7

Action                   || total
-------------------------++-------
Melee: Hand axe          ||    62
       War axe           ||     5
Invok: Berserk           ||     2
 Stab: Sleeping          ||     2
Armor: Animal skin       ||    15
       Ring mail         ||     3
Dodge: Dodged            ||    58

Table legend: (Time is in decaauts)
 A = Elapsed time spent in this place.
 B = Non-inter-level travel time spent in this place.
 C = Inter-level travel time spent in this place.
 D = Time resting spent in this place.
 E = Time spent auto-exploring this place.
 F = Levels seen in this place.
 G = Mean time per level.
                   A        B        C        D        E       F      G
               +--------+--------+--------+--------+--------+-----+--------+
         Total |   1553 |   1532 |     21 |    441 |    895 |   2 |  776.5 |
       Dungeon |   1553 |   1532 |     21 |    441 |    895 |   2 |  776.5 |
               +--------+--------+--------+--------+--------+-----+--------+

Top non-repeatable levels by time:
     D:1: 1446 daAuts
     D:2: 107 daAuts
